cohdb
Replays
Latest Replays
All Replays
Popular Replays
Top Player Replays
Match Explorer
How It Works
Community
CoH3 Stats
Reddit
Sign in to upload your games and track your stats! →
Sign in with Steam
Match 41097370
Unlisted
Match 41097370
Overview
Messages
Build Orders
End
Kradschützen Motorcycle Team
Panzergrenadier Squad
Panzergrenadier Squad
Construct Light Support Kompanie
Panzerjäger Squad
Fire Support Elements
Flakvierling Half-track
Assault Mechanized Group
Selects Panzerjäger Kommand Battlegroup
Selects Mine Fields
Selects Tank Busters
sw
Auxiliary Priest
Nukite
Dåsen
0
0
Comments
sign in to comment!
No comments posted yet!